 Dungeon Crawl Stone Soup version 0.25-a0-513-ge77a69270c (webtiles) character file.

Game seed: 13896062773285174136, levelgen mode: deterministic

672 Error4North the Chopper (level 7, 0/61 HPs)
             Began as a Hill Orc Fighter on Feb 16, 2020.
             Blown up by Ijyb (27 damage)
             ... with a disintegration bolt
             ... on level 4 of the Dungeon.
             The game lasted 00:14:23 (3030 turns).

Error4North the Chopper (Hill Orc Fighter)          Turns: 3030, Time: 00:14:24

Health: 0/61       AC: 12    Str: 21    XL:     7   Next: 58%
Magic:  7/7        EV:  2    Int:  8    God:
Gold:   245        SH: 15    Dex: 10    Spells: 6/6 levels left

rFire    . . .     SeeInvis .   a - +0 war axe
rCold    . . .     Gourm    .   m - +0 tower shield
rNeg     . . .     Faith    .   n - +0 plate armour
rPois    .         Spirit   .   (no helmet)
rElec    .         Reflect  .   (no cloak)
rCorr    .         Harm     .   (no gloves)
MR       .....                  (no boots)
Stlth    ..........             (no amulet)
HPRegen  0.20/turn              (no ring)
MPRegen  0.10/turn              (no ring)

@: lethally poisoned (0 -> -4)
A: no striking features
a: no special abilities


You were on level 4 of the Dungeon.
You were not hungry.

You visited 1 branch of the dungeon, and saw 4 of its levels.

You collected 245 gold pieces.

Inventory:

Hand Weapons
 a - a +0 war axe (weapon)
Missiles
 b - 4 boomerangs of dispersal (quivered)
Armour
 m - a +0 tower shield (worn)
 n - a +0 plate armour (worn)
Jewellery
 h - an uncursed ring of ice {unknown}
Scrolls
 e - a scroll of immolation {unknown}
 g - 5 scrolls of identify {unknown}
 i - a scroll of enchant weapon {unknown}
 k - a scroll of random uselessness {unknown}
 q - 2 scrolls of blinking {unknown}
Potions
 c - a potion of flight {unknown}
 j - 4 potions of heal wounds
 l - 2 potions of lignification {unknown}
 o - 2 potions of curing {unknown}
 p - a potion of berserk rage {unknown}
 r - a potion of haste
 s - 2 potions of degeneration {unknown}
 t - 2 potions of brilliance {unknown}
 u - a potion of experience {unknown}
Comestibles
 d - 5 chunks of flesh
 f - 10 rations


   Skills:
 * Level 5.0 Fighting
 + Level 6.2 Axes
 * Level 5.3 Armour
 * Level 6.1 Shields


You had 6 spell levels left.
You didn't know any spells.
Your spell library was empty.

Dungeon Overview and Level Annotations

Branches:
Dungeon (4/15)
 Temple: D:4-7

Altars:
Dithmenos
Nemelex Xobeh
Ru
Sif Muna
Wu Jian
Zin

Annotations:
D:4 2 transporters, Ijyb; mopl's ghost, amateur OgGl


Message History

Ijyb is severely wounded.
You block Ijyb's attack.
It was a potion of heal wounds.
You feel much better. Ijyb hits you but does no damage.
You are poisoned.
Your plate armour prevents you from hitting Ijyb.
Ijyb is severely wounded.
You feel sick.
Ijyb zaps a wand.
You struggle to resist.
You hit Ijyb but do no damage.
Ijyb is severely wounded.
You feel sick.
Ijyb zaps a wand.
You are blasted!
Ijyb screams, "Level is mine!
All mine!"
You block Ijyb's attack.
You closely miss Ijyb.
Ijyb is severely wounded.
You feel sick.
Ijyb zaps a wand.
You struggle to resist.
You completely miss Ijyb.
Ijyb is severely wounded.
You feel sick.
Ijyb zaps a wand.
You are blasted!
You die...

#...#.....#
#...#.....#
#...#.....#
##'##.....##
#............
#............
#...#########
#...#....%..#
#...'.@g....+
#...'.).....#
#############


You could see Ijyb.

Vanquished Creatures
  Sigmund (D:2)
  An orc warrior (D:3)
  A phantom (D:4)
  A bullfrog (D:4)
  Jessica (D:2)
  Terence (D:3)
  An iguana (D:4)
  Natasha (twice) (D:3)
  A worker ant (D:4)
  A howler monkey skeleton (D:4)
  3 adders
  A worm (D:4)
  3 dart slugs
  7 orcs (D:3)
  A ball python (D:1)
  6 bats
  6 giant cockroaches
  10 goblins
  14 hobgoblins
  5 jackals
  A quokka (D:3)
  5 frilled lizards
  4 kobolds
  3 rats
80 creatures vanquished.

Notes
Turn   | Place    | Note
-------+----------+-------------------------------------------
     0 | D:1      | Error4North the Hill Orc Fighter began the quest for the
                  | Orb.
     0 | D:1      | Reached XP level 1. HP: 19/19 MP: 1/1
   164 | D:1      | Reached XP level 2. HP: 27/27 MP: 2/2
   452 | D:1      | Reached XP level 3. HP: 33/33 MP: 3/3
   621 | D:2      | Found a sparkling altar of Nemelex Xobeh.
   700 | D:2      | Found an ornate altar of the Wu Jian Council.
   838 | D:2      | Found a shadowy altar of Dithmenos.
   840 | D:2      | Found a sacrificial altar of Ru.
  1168 | D:2      | Noticed Sigmund
  1435 | D:3      | Reached XP level 4. HP: 31/40 MP: 4/4
  1456 | D:3      | Found a glowing silver altar of Zin.
  1544 | D:3      | Noticed Terence
  1552 | D:3      | Killed Terence
  1683 | D:3      | Noticed an orc warrior
  1705 | D:3      | Killed an orc warrior
  1705 | D:3      | Reached XP level 5. HP: 19/47 MP: 5/5
  2100 | D:3      | Noticed Natasha
  2107 | D:3      | Killed Natasha
  2107 | D:3      | Reached skill level 5 in Shields
  2107 | D:3      | Reached XP level 6. HP: 47/53 MP: 6/6
  2117 | D:3      | Noticed Natasha
  2126 | D:3      | Killed Natasha
  2126 | D:3      | Reached skill level 5 in Axes
  2373 | D:2      | Killed Sigmund
  2435 | D:2      | Noticed Jessica
  2443 | D:2      | Killed Jessica
  2443 | D:2      | Reached XP level 7. HP: 47/60 MP: 7/7
  2660 | D:4      | Found a shimmering blue altar of Sif Muna.
  2698 | D:4      | Reached skill level 5 in Armour
  2706 | D:4      | Found a transporter.
  2708 | D:4      | Found a transporter.
  2709 | D:4      | Noticed mopl's ghost (amateur OgGl)
  2856 | D:4      | Reached skill level 5 in Fighting
  3011 | D:4      | Noticed Ijyb
  3030 | D:4      | Blown up by Ijyb

Levels and vault maps discovered:
D:1:      lightli_arrival_windingriver, layout_loops_ring
D:2:      layout_basic, nicolae_overflow_crystal_walls, lemuel_crystal_altar,
          minitemple, serial_bayou_crossing, uniq_sigmund, uniq_jessica
D:3:      layout_basic, zin_statuary, kennysheep_generic_room_5, uniq_terence,
          uniq_natasha
D:4:      kennysheep_goblin_castle, layout_gridville, kennysheep_mini_moat,
          kennysheep_little_box, first_ration, gammafunk_ghost_mausoleum,
          lemuel_blue_sif_altar, uniq_ijyb

Skill      XL: |  1  2  3  4  5  6  7 |
---------------+----------------------+-----
Axes           | 3 4 5 6 |  6.2
Shields        | 4 5 6 |  6.1
Fighting       | 4 5 |  5.0
Armour         | 4 5 |  5.3

Action                   |  1- 3 |  4- 6 |  7- 9 || total
-------------------------+-------+-------+-------++-------
Melee: War axe           |   193 |    88 |   101 ||   382
  Use: Potion            |       |     1 |     1 ||     2
  Eat: Chunk             |     2 |     2 |       ||     4
       Ration            |       |     1 |       ||     1
Armor: Scale mail        |    44 |       |       ||    44
       Plate armour      |    60 |    33 |    34 ||   127
Dodge: Dodged            |    24 |     5 |     7 ||    36
Block: Kite shield       |    34 |       |       ||    34
       Tower shield      |   106 |    65 |    81 ||   252

Table legend:
 A = Non-vault XP
 B = Vault XP
 C = Vault XP percentage of total XP
 D = Non-vault monster count
 E = Vault monster count
 F = Vault count percentage of total count
                 A         B        C        D         E       F
            +---------+---------+-------+---------+---------+-------
      Total |     615 |     345 |  35.9 |      69 |      11 |  13.8
            +---------+---------+-------+---------+---------+-------
        D:1 |      35 |       0 |   0.0 |      21 |       0 |   0.0
        D:2 |      25 |     260 |  91.2 |      13 |       2 |  13.3
        D:3 |     239 |      69 |  22.4 |      28 |       2 |   6.7
        D:4 |     316 |      16 |   4.8 |       7 |       7 |  50.0
            +---------+---------+-------+---------+---------+-------
